 Dungeon Crawl Stone Soup version 0.30-a0-782-ge64f9170bb (webtiles) character file.

Game seed: 9448070860051846965

22 Smoke131 the Ruffian (level 2, 29/29 HPs)
             Began as a Troll Berserker on Feb 19, 2023.
             Was a Follower of Trog.
             Quit the game on level 1 of the Dungeon.
             The game lasted 00:02:27 (429 turns).

Smoke131 the Ruffian (Troll Berserker)               Turns: 429, Time: 00:02:28

Health: 29/29      AC:  4    Str: 24    XL:     2   Next: 68%
Magic:  1/1        EV: 10    Int:  3    God:    Trog [*.....]
Gold:   46         SH:  0    Dex:  9    Spells: 1/1 levels left

rFire   . . .      SeeInvis .      - Unarmed
rCold   . . .      Faith    .    (no shield)
rNeg    . . .      Spirit   .    a - +0 animal skin
rPois   .          Reflect  .    (helmet restricted)
rElec   .          Harm     .    (no cloak)
rCorr   .          Rampage  .    (gloves unavailable)
Will    .....                    (boots unavailable)
Stlth   +                        (no amulet)
HPRegen 1.04/turn                (no ring)
MPRegen 0.07/turn                (no ring)

@: no status effects
A: large, unfitting armour, claws 3, regeneration 1, shaggy fur 1, tough skin 1
a: Renounce Religion, Berserk


You were on level 1 of the Dungeon.
You worshipped Trog.
Trog was aware of your devotion.
You visited 1 branch of the dungeon, and saw 1 of its levels.

You collected 46 gold pieces.

Inventory:

Armour
 a - a +0 animal skin (worn)
Scrolls
 c - a scroll of fear {unknown}
 d - 3 scrolls of teleportation {unknown}
 e - a scroll of silence {unknown}
Potions
 b - a potion of heal wounds {unknown}
 f - a potion of curing {unknown}


   Skills:
 + Level 2.7 Fighting
 + Level 2.7 Dodging
 + Level 3.3 Unarmed Combat


You had one spell level left.
You didn't know any spells.
Your spell library was empty.

Dungeon Overview and Level Annotations

Branches:
Dungeon (1/15)

Altars:


Innate Abilities, Weirdness & Mutations

You are too large for most types of armour.
You have claws for hands.
Your natural rate of healing is unusually fast.
You are covered in fur. (AC +1)
You have tough skin. (AC +1)


Message History

The giant cockroach closely misses you.
You scratch the giant cockroach.
The giant cockroach is almost dead.
The giant cockroach misses you.
You claw the giant cockroach!
You kill the giant cockroach!
Trog accepts your kill.
You see here a rat corpse.
d - 3 scrolls labelled DOEPPU VIADIUH (gained 1)
A goblin comes into view. It is wielding a +0 dagger.
Found a fuming clear potion.
A goblin is nearby!
The goblin shouts!
You see here a scroll labelled SIMPOI ECRIUCS.
e - a scroll labelled SIMPOI ECRIUCS The goblin barely misses you.
You barely miss the goblin. The goblin hits you with a +0 dagger.
You scratch the goblin.
You kill the goblin!
Trog accepts your kill.
Things that are here:
a +0 dagger; a goblin corpse Nothing quivered!
You now have 46 gold pieces (gained 14).
A goblin comes into view. It is wielding a +0 club.
The goblin shouts!
A hobgoblin comes into view.
The goblin hits you with a +0 club.
You scratch the goblin but do no damage.
The goblin closely misses you.
You claw the goblin!
You kill the goblin!
Trog accepts your kill.
You claw the hobgoblin!
You kill the hobgoblin!
Trog accepts your kill.
Things that are here:
a +0 club; a goblin corpse
f - a fuming clear potion Are you sure you want to abandon this character and quit the game? (Confirm with "yes".)

.# #.# ####### #.######
#......##### #......#
#..........###......#
...........##.......# .
...........##.......#..
.........)...........#
...#..@.#...........#
#....#...........#.
........#####.........
....................... #
................#####.. .
#.......##......).....+..
..#.###...#........#.####..
..[.......#.....#....#.....
......##.......#....#....##


There were no monsters in sight!

Vanquished Creatures
  A ball python (D:1)
  3 endoplasms (D:1)
  2 giant cockroaches (D:1)
  3 hobgoblins (D:1)
  2 jackals (D:1)
  A quokka (D:1)
  A frilled lizard (D:1)
  3 goblins (D:1)
  A kobold (D:1)
  A rat (D:1)
18 creatures vanquished.

Notes
Turn   | Place    | Note
-------+----------+-------------------------------------------
     0 | D:1      | Smoke131 the Troll Berserker began the quest for the Orb.
     0 | D:1      | Reached XP level 1. HP: 22/22 MP: 0/0
   166 | D:1      | Reached XP level 2. HP: 29/29 MP: 1/1
   429 | D:1      | Quit the game

Illustrated notes

Levels and vault maps discovered:
D:1:      beargit_arrival_diablo_church, layout_basic

Action                     || total
---------------------------++-------
  Melee: Unarmed           ||    43
         Punch             ||     3
 Armour: Animal skin       ||     9
  Dodge: Dodged            ||    22

Table legend: (Time is in decaauts)
 A = Elapsed time spent in this place.
 B = Non-inter-level travel time spent in this place.
 C = Inter-level travel time spent in this place.
 D = Time resting spent in this place.
 E = Time spent auto-exploring this place.
 F = Levels seen in this place.
 G = Mean time per level.
                   A        B        C        D        E       F      G
               +--------+--------+--------+--------+--------+-----+--------+
         Total |    426 |    426 |      0 |      0 |    260 |   1 |  426.0 |
       Dungeon |    426 |    426 |      0 |      0 |    260 |   1 |  426.0 |
               +--------+--------+--------+--------+--------+-----+--------+

Top non-repeatable levels by time:
     D:1: 426 daAuts
